 Dungeon Crawl Stone Soup version 0.20-a0-522-g0b37eee (webtiles) character file.

142 M4edhros the Sneak (level 5, -3/33 HPs)
             Began as an Octopode Artificer on Jan 25, 2017.
             Was an Initiate of Fedhas.
             Slain by an iron imp (4 damage)
             ... summoned by Xom
             ... on level 1 of the Dungeon.
             The game lasted 00:02:47 (1999 turns).

M4edhros the Sneak (Octopode Artificer)             Turns: 1999, Time: 00:02:48

Health: -3/33      AC:  1    Str: 11      XL:     5   Next: 24%
Magic:  7/7        EV: 13    Int: 14      God:    Fedhas [......]
Gold:   112        SH:  0    Dex: 11 (13) Spells: 4/4 levels left

rFire    . . .     SeeInvis .   h - +2 whip (elec)
rCold    . . .     Gourm    .   (no shield)
rNeg     . . .     Faith    .   (helmet restricted)
rPois    .         Spirit   .   (no amulet)
rElec    .         Reflect  .   p - ring of wizardry
rCorr    .         Harm     .   (no ring)
MR       .....     Rnd*Rage +   (no ring)
Stlth    ++++......             (no ring)
Regen    0.2/turn               (no ring)
                                (no ring)
                                (no ring)
                                (no ring)

@: no status effects
A: almost no armour, stealthy swim, amphibious, 8 rings, constrict 8, camouflage
1, berserk 1, gelatinous body 1
a: Fungal Bloom, Renounce Religion


You were on level 1 of the Dungeon.
You worshipped Fedhas.
Fedhas was noncommittal.
You were very hungry.

You visited 2 branches of the dungeon, and saw 5 of its levels.

You collected 112 gold pieces.

Inventory:

Hand Weapons
 a - a +0 short sword
 h - a +2 whip of electrocution (weapon)
Missiles
 q - 12 stones (quivered)
Jewellery
 p - a ring of wizardry (left tentacle)
Wands
 b - a wand of flame (15/48)
 c - a wand of enslavement (15/24)
 d - a wand of random effects (15/48)
 o - a wand of iceblast (6/15)
Scrolls
 e - a scroll of fog {unknown}
 g - 2 scrolls of enchant weapon {unknown}
 i - 2 scrolls of identify {unknown}
 k - a scroll of fear {unknown}
 m - 2 scrolls of amnesia {unknown}
 n - 2 scrolls of remove curse {unknown}
Potions
 j - a potion of mutation {unknown}
 l - a potion of curing {unknown}
Comestibles
 f - a bread ration


   Skills:
 - Level 1.0 Fighting
 - Level 1.0 Short Blades
 - Level 2.0 Dodging
 + Level 7.1 Stealth
 - Level 3.2 Evocations


You had 4 spell levels left.
You didn't know any spells.

Dungeon Overview and Level Annotations

Branches:
Dungeon (4/15)             Temple (1/1) D:4

Altars:
Ashenzari
Cheibriados
Dithmenos
Elyvilon
Fedhas
Gozag
Hepliaklqana
Kikubaaqudgha
Makhleb
Nemelex Xobeh
Okawaru
Qazlal
Ru
Sif Muna
Trog
Uskayaw
Vehumet
Xom
Yredelemnul
Zin
The Shining One


Innate Abilities, Weirdness & Mutations

You cannot wear most types of armour.
You are very stealthy in the water. (Stealth+)
You are amphibious.
You can wear up to eight rings at the same time.
You can use your tentacles to constrict eight enemies at once.
Your skin changes colour to match your surroundings (Stealth+).
Your rubbery body absorbs attacks. (AC +1, EV +1)
You tend to lose your temper in combat.


Message History

You feel clumsy.
The crimson imp blinks!
The crimson imp hits you but does no damage.
The shadow imp misses you. The iron imp closely misses you.
Unknown command.
Unknown command.
You hit the white imp but do no damage.
There is a sudden explosion of sparks!
You kill the white imp!
The quasit closely misses you. x3; The crimson imp hits you.
* * * LOW HITPOINT WARNING * * *
The shadow imp gestures at you. Pain shoots through your body!
* * * LOW HITPOINT WARNING * * *
The quasit bites you.
* * * LOW HITPOINT WARNING * * *
The quasit barely misses you. The quasit claws you.
* * * LOW HITPOINT WARNING * * *
The iron imp hits you.
You die...
Fedhas appreciates your contribution to the ecosystem.

. ##.#.#..##### #.....##
#### ###..## .. #..#
##...# ... #..# #....#####
#.## #..####.#......# #
... #55.#...#.).##.###
#.##5#5).#####.##....
#..#@5.### #.######
##.555.#######.######
####)..5#...............
###....#..#..######.####..
#....###..#...# #...#...
#....###..###.## ####.#.##
#......#..# #..###.......#
#....#....###...##.......#
########..........[......#


You could see an iron imp, a quasit, 2 crimson imps, a white imp, a shadow imp
and 3 ufetubi.

Vanquished Creatures
  An orc wizard (D:3)
  2 adders (D:2)
  2 gnolls
  3 dart slugs
  A leopard gecko (D:3)
  12 orcs
  3 bats
  2 giant cockroaches (D:1)
  4 hobgoblins
  5 jackals (D:3)
  A quokka (D:2)
  A ball python (D:1)
  4 frilled lizards
  9 goblins
  4 kobolds
  3 rats
57 creatures vanquished.

Vanquished Creatures (others)
  4 toadstools (D:2)
4 creatures vanquished.

Grand Total: 61 creatures vanquished

Notes
Turn   | Place    | Note
-------+----------+-------------------------------------------
     0 | D:1      | M4edhros the Octopode Artificer began the quest for the Orb.
     0 | D:1      | Reached XP level 1. HP: 13/13 MP: 3/3
    27 | D:1      | Reached skill level 2 in Stealth
   279 | D:1      | Reached XP level 2. HP: 8/18 MP: 4/4
   282 | D:1      | Reached skill level 3 in Stealth
   517 | D:2      | Reached skill level 4 in Stealth
   517 | D:2      | Reached XP level 3. HP: 18/23 MP: 5/5
   533 | D:3      | Reached skill level 5 in Stealth
   538 | D:2      | Reached XP level 4. HP: 16/28 MP: 6/6
  1106 | D:3      | Reached skill level 6 in Stealth
  1243 | D:4      | Found a staircase to the Ecumenical Temple.
  1287 | Temple   | Entered the Ecumenical Temple
  1392 | Temple   | Became a worshipper of Xom of Unknown Intention
  1411 | Temple   | Fell from the grace of Xom
  1411 | Temple   | Became a worshipper of Fedhas Madash
  1441 | D:2      | Reached XP level 5. HP: 32/33 MP: 7/7
  1455 | D:2      | XOM: medium Chrm miscast
  1510 | D:2      | XOM: noise
  1545 | D:2      | Reached skill level 7 in Stealth
  1619 | D:1      | XOM: give mutation
  1619 | D:1      | Gained mutation: You tend to lose your temper in combat. [Xom's mischief]
  1992 | D:1      | XOM: summons 12 hostile demons
  1999 | D:1      | HP: 1/33 [quasit[Xom] (1)]
  1999 | D:1      | Slain by an iron imp

Vault maps used:
D:1:      mushboom_english_gardens
D:3:      first_bread, kennysheep_generic_room_4, uniq_terence
D:4:      temple_fountains, minmay_close_crescents
Temple:   grunt_wide_crystal_templ

Skill      XL: |  1  2  3  4  5 |
---------------+----------------+-----
Stealth        | 2 4 5 6 7 |  7.1
Fighting       | |  1.0
Short Blades   | |  1.0
Dodging        | |  2.0
Evocations     | |  3.2

Action                   |  1- 3 |  4- 6 || total
-------------------------+-------+-------++-------
Melee: Short sword       |     7 |       ||     7
       Whip              |    21 |    89 ||   110
       Constrict         |    12 |    22 ||    34
       Tentacles         |     6 |     9 ||    15
Invok: Fungal Bloom      |       |     3 ||     3
 Stab: Sleeping          |     2 |     4 ||     6
  Eat: Chunk             |       |     2 ||     2
Armor: Skin              |     1 |     6 ||     7
Dodge: Dodged            |    14 |    84 ||    98
